AoeStats
← IsmaelAoE

Nomad

509475014Analyzed
3v3 RM · 4d ago on Sep 26, 2026· 95m 36s· 6 players
Game mode
Random Map
Map size
210×210
Population
200
Speed
Normal
Resources
Standard
Victory
Conquest
Starting age
Dark Age
Ending age
Imperial Age
RankedLock teamsTeams togetherTeam positionsShared explorationLock speedFull tech treeHidden civsTurbo modeCheats
Victory
Defeat
🇹🇷 Poles · Türkiye
669
+14
🇨🇴 Britons · Colombia
658
+15
🇺🇸 Goths · United States
629
+16
🇨🇦 Inca · Canada
746
-20
🇶🇦 Spanish · Qatar
590
-13
🇲🇽 Magyars · Mexico
568
-12
Aleko Bart
8:57 Loom
16:54 Feudal Age
22:04 Double-Bit Axe
22:26 Man-at-Arms
24:25 Forging
24:57 Fletching
25:21 Scale Barding Armor
25:34 Horse Collar
30:12 Castle Age
29:18 Stone Mining
30:01 Gold Mining
31:11 Husbandry
30:55 Crossbowman
32:12 Bow Saw
36:19 Ballistics
36:45 Guard Tower
37:55 Murder Holes
40:30 Wheelbarrow
57:12 Heavy Plow
58:30 Caravan
60:30 Coinage
67:36 Chain Barding Armor
67:52 Iron Casting
68:50 Hand Cart
69:38 Gold Shaft Mining
73:56 Imperial Age
74:10 Cavalier
76:01 Banking
78:08 Two-Man Saw
78:39 Plate Barding Armor
79:05 Blast Furnace
78:22 Onager
80:07 Padded Archer Armor
82:11 Arbalester
85:00 Bodkin Arrow
85:21 Leather Archer Armor
85:06 Scale Mail Armor
86:41 Conscription
Sweet Lady
5:30 Loom
20:29 Feudal Age
25:15 Gold Mining
25:29 Double-Bit Axe
27:10 Stone Mining
29:24 Castle Age
27:25 Double-Bit Axe
27:18 Man-at-Arms
32:30 Bow Saw
34:16 Stone Shaft Mining
38:01 Imperial Age
36:35 Wheelbarrow
35:30 Long Swordsman
35:31 Pikeman
37:01 Squires
38:20 Anarchy
41:00 Hand Cart
41:57 Two-Handed Swordsman
42:43 Perfusion
43:54 Halberdier
46:40 Champion
47:52 Horse Collar
49:53 Scale Mail Armor
50:04 Forging
50:00 Scale Barding Armor
52:14 Capped Ram
54:32 Conscription
53:33 Elite Huskarl
55:30 Light Cavalry
66:42 Heavy Plow
77:30 Chemistry
76:44 Masonry
76:38 Crossbowman
83:36 Hussar
84:27 Bloodlines
84:18 Husbandry
89:57 Heavy Scorpion
BozKURT
16:38 Feudal Age
17:46 Double-Bit Axe
18:14 Fishing Lines
19:29 Man-at-Arms
23:25 Wheelbarrow
26:51 Castle Age
25:11 Bloodlines
25:24 Arson
25:51 Gold Mining
25:51 Stone Mining
27:00 Horse Collar
30:04 Long Swordsman
30:12 Pikeman
35:13 Forging
34:53 Fletching
36:16 Elite Skirmisher
39:45 Husbandry
43:37 Imperial Age
42:37 Szlachta Privileges
42:58 Scale Barding Armor
42:43 Light Cavalry
45:59 Scale Mail Armor
47:39 Iron Casting
47:59 Winged Hussar
50:40 Blast Furnace
49:06 Two-Handed Swordsman
49:48 Squires
52:05 Chain Barding Armor
51:26 Cavalier
53:24 Bow Saw
56:52 Chain Mail Armor
56:38 Padded Archer Armor
60:45 Cavalier
62:41 Hand Cart
63:31 Stone Shaft Mining
65:01 Chemistry
63:42 Treadmill Crane
64:57 Plate Mail Armor
76:14 Bodkin Arrow
76:35 Leather Archer Armor
77:34 Capped Ram
79:07 Fortified Wall
79:09 Masonry
78:35 Elite Obuch
80:04 Siege Ram
85:36 Champion
86:50 Onager
Emperador1988
6:03 Loom
14:32 Feudal Age
14:58 Horse Collar
15:05 Double-Bit Axe
18:08 Town Watch
18:59 Wheelbarrow
18:43 Fishing Lines
23:49 Castle Age
21:17 Champi Runner
22:23 Stone Mining
23:33 Forging
24:38 Squires
24:43 Scale Mail Armor
24:35 Gillnets
25:26 Heavy Plow
25:37 Bow Saw
25:45 Gold Mining
26:21 Masonry
25:54 Treadmill Crane
26:57 Stone Shaft Mining
26:36 Champi Warrior
28:27 Hand Cart
32:50 Gold Shaft Mining
33:38 Iron Casting
33:01 Murder Holes
34:49 Fletching
35:03 Padded Archer Armor
48:50 Imperial Age
46:09 Arson
46:34 Thumb Ring
47:29 Pikeman
48:26 Leather Archer Armor
48:07 Bodkin Arrow
48:27 Chain Mail Armor
49:13 Sanctity
49:05 Devotion
49:10 Elite Champi Warrior
49:12 Halberdier
50:19 Conscription
50:05 Fabric Shields
49:33 Capped Ram
51:44 Crop Rotation
50:56 Siege Ram
51:46 Siege Engineers
61:30 Town Patrol
61:48 Heavy Scorpion
62:55 Illumination
64:10 Chemistry
63:31 Ballistics
63:46 Town Patrol
64:48 Plate Mail Armor
65:21 Blast Furnace
64:52 Ring Archer Armor
70:02 Andean Sling
69:26 Elite Kamayuk
71:22 Bracer
80:33 Clinker Construction
95:13 Hoardings
IsmaelAoE
16:47 Feudal Age
17:16 Horse Collar
25:59 Double-Bit Axe
27:23 Loom
28:14 Wheelbarrow
30:17 Town Watch
38:52 Padded Archer Armor
46:59 Castle Age
49:21 Hand Cart
49:34 Corvinian Army
51:35 Fishing Lines
53:42 Town Patrol
56:23 Crossbowman
57:09 Thumb Ring
58:36 Scale Barding Armor
58:34 Scale Mail Armor
58:50 Leather Archer Armor
58:25 Fletching
61:42 Gold Mining
63:26 Bodkin Arrow
63:53 Chain Barding Armor
63:48 Chain Mail Armor
65:36 Gold Shaft Mining
76:45 Imperial Age
75:45 Elite Skirmisher
78:11 Sappers
79:22 Hoardings
81:32 Gillnets
84:28 Recurve Bow
85:34 Conscription
85:43 Parthian Tactics
85:50 Bracer
86:26 Ring Archer Armor
88:29 Plate Barding Armor
87:18 Heavy Cavalry Archer
91:00 Bow Saw
91:23 Arbalester
92:35 Elite Magyar Huszar
KindBeetle9568
18:10 Feudal Age
19:29 Wheelbarrow
18:37 Horse Collar
18:46 Double-Bit Axe
21:54 Gold Mining
23:38 Stone Mining
27:49 Castle Age
27:41 Bloodlines
29:07 Hand Cart
29:06 Husbandry
30:48 Loom
39:10 Imperial Age
38:25 Ballistics
39:17 Cavalier
41:03 Chemistry
44:37 Paladin
50:53 Caravan
51:06 Town Watch
Connection lost

Rejoining the realm…

Still unreachable

The connection could not be restored.

Session expired

The server has moved on; the page needs a fresh start.